 BcadrenCrawl: Boulder Brew version 0.04.2-10-g17648f679b (webtiles) character file.

Game seed: 10668421630257870579, levelgen mode: deterministic

130 gruber the Vandal (level 5, -10/50 HPs) Ogre Hunter. Began on May 2, 2021. Mangled by a crocodile (17 damage) ... on level 2 of the Dungeon. The game lasted 00:02:10 (1411 turns).

gruber the Vandal (Ogre Hunter)                     Turns: 1411, Time: 00:02:10

Health: -10/50     AC:  4    Str: 17    XL:     5 ^: 132
Magic:  5/5        EV: 10    Int: 12    God:
Gold:   55         SH:  0    Dex:  9    Spells: 4/4 levels left

rFire    . . .     Vision   .   a - +1 fustibalus
rCold    . . .     Gourm    .   (no weapon)
rNeg     . . .     Faith    .   c - +0 robe
rPois    .         Spirit   .   (helmet restricted)
rElec    .         Reflect  .   f - +0 cloak
rCorr    .         Harm     .   (gloves unavailable)
MR       .....                  (boots unavailable)
Stlth    +.........             (no amulet)
HPRegen  0.26/turn              (no ring)
MPRegen  0.15/turn              (no ring)

@: no status effects
A: large, unfitting armour, tough skin 1
a: no special abilities


You were on level 2 of the Dungeon.
You were hungry.

You visited 1 branch of the dungeon, and saw 2 of its levels.

You collected 55 gold pieces.

Inventory:

Weapons
 a - a +1 fustibalus (weapon)
 b - a +0 short sword
Armour
 c - a +0 robe (worn)
 f - a +0 cloak (worn)
Scrolls
 g - a scroll of enchantment
 i - 2 scrolls of magic mapping
Potions
 e - 3 potions of agility
 h - 2 potions of might
Comestibles
 d - 4 rations


   Skills:
 - Level 2.6 Fighting
 + Level 6.3 Slings
 - Level 1.7 Dodging
 - Level 0.6 Stealth


You had 4 spell levels left.
You didn't know any spells.
Your spell library was empty.

Dungeon Overview and Level Annotations

Branches:
Dungeon (2/8)

Altars:


Innate Abilities, Weirdness & Mutations

You are too large for most types of armour.
You have tough skin. (AC +1)


Message History

The giant cockroach bites you (2).
* * * LOW HITPOINT WARNING * * *
The crocodile bites you but does no damage.
Aiming:
a - a +1 fustibalus, Range: 1 (25%)
Press: ? - help, Shift-Dir - straight line, f/p - crocodile
Aim: a crocodile (moderately wounded (18/26))
You shoot a sling bullet.
The sling bullet closely misses the crocodile (0).
The giant cockroach barely misses you (0).
The crocodile bites you (7)!
* * * LOW HITPOINT WARNING * * *
The giant cockroach closely misses you (0).
Aiming:
a - a +1 fustibalus, Range: 1 (25%)
Press: ? - help, Shift-Dir - straight line, f/p - crocodile
Aim: a crocodile (moderately wounded (18/26))
You shoot a sling bullet.
The giant cockroach makes you miss your attack.
The giant cockroach closely misses you (0).
The crocodile bites you (17)!
You die...

≈≈≈# ≈≈≈# ≈≈≈#
≈≈≈ ≈≈ ######
P## #..≈#≈#
##.P#
≈.#..####@≈##
#.#...#≈..ts!#
#≈≈≈.#≈.≈#.≈#
####....P#≈##
##...≈#.PP#.≈
#≈#.≈..#PP#.≈≈
#..#...≈#)##..
#≈..#.≈≈≈##
.## #.....####


You could see a crocodile and a giant cockroach.

Vanquished Creatures
  A jelly (D:2)
  A giant cockroach (D:2)
  2 sewer rats (D:2)
  A worm (D:2)
  3 cinder newts
  An ooze (D:2)
  2 dart slugs (D:1)
  A leopard gecko (D:2)
  An adder skeleton (D:2)
  7 bats
  2 goblins (D:1)
  5 hobgoblins (D:1)
  4 kobolds (D:1)
  An orc skeleton (D:2)
  7 rats (D:1)
  A withered plant (D:2)
40 creatures vanquished.

Vanquished Creatures (others)
  14 withered plants (D:2)
14 creatures vanquished.

Grand Total: 54 creatures vanquished

Notes
Turn   | Place    | Note
-------+----------+-------------------------------------------
     0 | D:1      | gruber the Ogre Hunter began the quest for the Orb.
     0 | D:1      | Reached XP level 1. HP: 22/22 MP: 1/1
    52 | D:1      | Reached XP level 2. HP: 25/29 MP: 2/2
   764 | D:1      | Reached skill level 5 in Slings
   764 | D:1      | Reached XP level 3. HP: 30/36 MP: 3/3
  1120 | D:2      | Noticed a crocodile
  1183 | D:2      | Reached XP level 4. HP: 44/44 MP: 4/4
  1247 | D:2      | Reached skill level 6 in Slings
  1380 | D:2      | Reached XP level 5. HP: 39/50 MP: 5/5
  1411 | D:2      | Mangled by a crocodile

Levels and vault maps discovered:
D:1:      dpeg_arrival_rhombi, layout_basic, first_ration
D:2:      layout_sewer, gammafunk_temple_overflow_pools, kennysheep_slug_shrine,
          kennysheep_mini_moat, basic_altar, serial_shops,
          nicolae_shop_overgrown_old_shop, hangedman_decor_diamond_cutter

Skill      XL: |  1  2  3  4 |
---------------+-------------+-----
Slings         | 5 6 |  6.3
Fighting       | |  2.6
Dodging        | |  1.7
Stealth        | |  0.6

Action                   |  1- 3 |  4- 6 || total
-------------------------+-------+-------++-------
Melee: Unarmed           |   103 |    44 ||   147
 Fire: Fustibalus        |    83 |    34 ||   117
  Eat: Chunk             |     1 |       ||     1
Armor: Robe              |    47 |    22 ||    69
Dodge: Dodged            |    94 |    27 ||   121
